AoeStats
← CastleDuck

Fortress

509182885Analyzed
2v2 RM · 8d ago on Sep 25, 2026· 48m 32s· 4 players
Game mode
Random Map
Map size
Normal (6 player)
Population
200
Speed
Normal
Resources
Standard
Victory
Conquest
Starting age
Dark Age
Ending age
Imperial Age
RankedLock teamsTeams togetherTeam positionsShared explorationLock speedFull tech treeHidden civsTurbo modeCheats
Victory
Defeat
🇪🇸 Goths · Spain
713
+17
🇪🇸 Magyars · Spain
665
+20
🇨🇿 Persians · Czechia
745
-19
🇨🇿 Cumans · Czechia
721
-18
Yevon
9:07 Feudal Age
9:31 Horse Collar
9:39 Double-Bit Axe
14:45 Castle Age
14:29 Wheelbarrow
13:56 Stone Mining
14:12 Gold Mining
15:29 Squires
15:01 Man-at-Arms
16:35 Bow Saw
16:34 Heavy Plow
18:17 Stone Shaft Mining
18:05 Long Swordsman
20:35 Hand Cart
21:41 Caravan
24:52 Scale Mail Armor
25:03 Forging
27:24 Anarchy
26:49 Pikeman
27:48 Chain Mail Armor
29:08 Iron Casting
28:26 Loom
28:27 Town Watch
35:51 Imperial Age
37:37 Two-Man Saw
37:10 Crop Rotation
36:10 Halberdier
36:10 Two-Handed Swordsman
39:42 Blast Furnace
39:22 Masonry
39:33 Ballistics
39:17 Town Patrol
39:21 Perfusion
41:16 Conscription
45:51 Architecture
45:16 Murder Holes
45:12 Heated Shot
46:23 Chemistry
45:04 Treadmill Crane
44:47 Elite Huskarl
45:00 Sappers
45:10 Champion
vmjboxing
7:36 Feudal Age
10:53 Horse Collar
11:12 Double-Bit Axe
16:01 Castle Age
15:10 Bloodlines
15:05 Stone Mining
17:27 Thumb Ring
18:22 Wheelbarrow
17:43 Loom
19:01 Town Watch
20:33 Bow Saw
22:56 Masonry
23:28 Treadmill Crane
24:12 Hand Cart
24:32 Gold Mining
25:33 Corvinian Army
25:43 Town Patrol
27:21 Murder Holes
28:56 Husbandry
31:08 Scale Barding Armor
31:28 Elite Skirmisher
33:41 Chain Barding Armor
33:12 Fletching
33:58 Ballistics
33:19 Crossbowman
34:19 Padded Archer Armor
37:51 Imperial Age
38:39 Elite Magyar Huszar
38:54 Arbalester
NobunagaOda
9:04 Feudal Age
9:51 Double-Bit Axe
9:49 Horse Collar
12:46 Man-at-Arms
24:45 Castle Age
24:46 Elite Skirmisher
24:49 Long Swordsman
24:54 Capped Ram
26:30 Bow Saw
26:23 Heavy Plow
27:40 Forging
27:30 Scale Mail Armor
27:31 Padded Archer Armor
27:21 Fletching
29:30 Pikeman
30:11 Squires
30:52 Leather Archer Armor
37:57 Imperial Age
38:10 Two-Handed Swordsman
38:20 Cavalier
38:43 Halberdier
39:28 Champion
CastleDuck
2:46 Loom
9:43 Feudal Age
12:11 Double-Bit Axe
12:08 Horse Collar
12:22 Gold Mining
14:21 Forging
14:18 Scale Barding Armor
16:59 Castle Age
16:08 Scale Mail Armor
15:38 Man-at-Arms
18:21 Long Swordsman
18:23 Pikeman
19:37 Fletching
20:23 Bow Saw
20:26 Heavy Plow
26:42 Squires
26:32 Gambesons
30:19 Chain Barding Armor
31:10 Chain Mail Armor
32:43 Stone Mining
33:31 Gold Shaft Mining
37:49 Imperial Age
38:23 Wheelbarrow
37:53 Halberdier
39:13 Plate Barding Armor
39:11 Plate Mail Armor
39:16 Iron Casting
39:03 Citadels
38:56 Bodkin Arrow
39:30 Arson
40:11 Conscription
40:03 Capped Ram
Connection lost

Rejoining the realm…

Still unreachable

The connection could not be restored.

Session expired

The server has moved on; the page needs a fresh start.